 Dungeon Crawl Stone Soup version 0.19.0-9-gfd783f2 (webtiles) character file.

156 dobroeutro the Archer (level 5, 0/61 HPs)
             Began as a Centaur Hunter on Nov 7, 2016.
             Succumbed to an adder's poison
             ... on level 3 of the Dungeon.
             The game lasted 00:03:56 (4307 turns).

dobroeutro the Archer (Centaur Hunter)              Turns: 4307, Time: 00:03:56

Health: 0/61       AC: 22    Str: 16 (19) XL:     5   Next: 14%
Magic:  5/5        EV:  1    Int:  8 (10) God:
Gold:   101        SH:  0    Dex:  8 (11) Spells: 0 memorised, 4 levels left

rFire  . . .     SeeInvis .     a - +1 shortbow
rCold  . . .     Gourm    .     (armour currently unavailable)
rNeg   + + +     Faith    .     (shield currently unavailable)
rPois  +         Spirit   .     (helmet currently unavailable)
rElec  .         Reflect  .     (cloak currently unavailable)
rCorr  .         Harm     .     (gloves currently unavailable)
MR     .....     NoTele   +     (no barding)
Stlth  +.........               (no amulet)
                                (no ring)
                                (no ring)

@: mighty, lethally poisoned (0 -> -6), tree-form
A: (hooves 0), (deformed body), (speed 0), (tough skin 0)
a: no special abilities


You were on level 3 of the Dungeon.
You were not hungry.
You were a tree.
You visited 1 branch of the dungeon, and saw 3 of its levels.

You collected 101 gold pieces.

Inventory:

Hand Weapons
 a - a +1 shortbow (weapon)
 b - a +0 short sword
Missiles
 d - 52 arrows (quivered)
Armour
 c - a +0 leather armour (melded)
 t - a +0 cloak (melded)
Scrolls
 e - a scroll of blinking {unknown}
 i - a scroll of remove curse {unknown}
 j - 4 scrolls of identify {unknown}
 l - a scroll of teleportation {unknown}
 n - a scroll of immolation {unknown}
Potions
 h - a potion of heal wounds {unknown}
 m - a potion of curing {unknown}
 o - a potion of brilliance {unknown}
 r - a potion of flight {unknown}
 u - a potion of haste {unknown}
 w - a potion of mutation {unknown}
Comestibles
 f - 3 bread rations
 g - a beef jerky
 p - 4 meat rations


   Skills:
 - Level 2.0 Fighting
 + Level 8.6 Bows
 - Level 1.3 Dodging
 - Level 0.4 Stealth


You had 4 spell levels left.
You didn't know any spells.

Dungeon Overview and Level Annotations

Branches:
Dungeon (3/15)

Altars:


Innate Abilities, Weirdness & Mutations

((You have hooves in place of feet.))
((Armour fits poorly on your strangely shaped body.))
((You cover ground very quickly.))
((You have extremely tough skin. (AC +3)))


Message History

* * * LOW HITPOINT WARNING * * *
You are more poisoned.
The adder poisons you!
It was a potion of lignification.
You turn into a tree.
Your +0 cloak melds into your body.
Your +0 leather armour melds into your body.
Your roots penetrate the ground.
* * * LOW HITPOINT WARNING * * *
You feel sick. The adder bites you but does no damage.
It was a potion of degeneration.
There was something very wrong with that liquid.
You feel weakened.
You feel dopey.
You feel clumsy.
* * * LOW HITPOINT WARNING * * *
You feel sick. The adder completely misses you.
It was a potion of might.
You feel very mighty all of a sudden.
* * * LOW HITPOINT WARNING * * *
You feel sick. The adder bites you but does no damage.
It was a potion of magic.
Magic courses through your body.
You die...

.##.######.........P.....#
..#........#.<.####....#
#....###### ##....#((.##
#...## #.....#..# #.#.#
#..###.##.## ....# # #(#
..###. #..## . ##.###.....
#..# ....#####.(........
#..# .......♣S.#..####.#
#..# ..########........#
#..# #.†......# #..#
#.†......# #..# #.........
#......... ########.. ..


You could see an adder.

Vanquished Creatures
  8 adders
  An ooze (D:3)
  2 worms (D:2)
  A dart slug (D:2)
  3 leopard geckos
  An orc (D:3)
  7 ball pythons (D:2)
  9 bats
  4 giant cockroaches
  9 goblins
  3 hobgoblins
  6 jackals
  4 kobolds
  2 quokkas (D:2)
  2 frilled lizards
  7 rats
69 creatures vanquished.

Notes
Turn   | Place    | Note
-------+----------+-------------------------------------------
     0 | D:1      | dobroeutro the Centaur Hunter began the quest for the Orb.
     0 | D:1      | Reached XP level 1. HP: 17/17 MP: 1/1
   694 | D:1      | Reached XP level 2. HP: 24/24 MP: 2/2
   719 | D:1      | Reached skill level 6 in Bows
  1523 | D:1      | Reached XP level 3. HP: 10/29 MP: 3/3
  2184 | D:2      | Reached skill level 7 in Bows
  2316 | D:2      | Reached XP level 4. HP: 23/36 MP: 4/4
  3233 | D:2      | Reached skill level 8 in Bows
  3651 | D:3      | Reached XP level 5. HP: 20/41 MP: 5/5
  4303 | D:3      | HP: 2/41 [adder (3)]
  4307 | D:3      | Succumbed to an adder's poison

Skill      XL: |  1  2  3  4 |
---------------+-------------+-----
Bows           | 6 7 8 |  8.6
Fighting       | |  2.0
Dodging        | |  1.3
Stealth        | |  0.4

Action                   |  1- 3 |  4- 6 || total
-------------------------+-------+-------++-------
Melee: Short sword       |   159 |   177 ||   336
       Kick              |    25 |    31 ||    56
 Fire: Shortbow          |    23 |     7 ||    30
  Use: Potion            |       |     4 ||     4
  Eat: Chunk             |     4 |     6 ||    10
Armor: Leather armour    |    87 |    68 ||   155
       Skin              |       |     2 ||     2
Dodge: Dodged            |   138 |    86 ||   224
